Workbook

Sheet Summary page 1
A1: Brassington Parish Council
A2: Accounts 1 April 2017 - 31 March 2018
A4: Bank Reconciliation
C6: £
A7: Opening balances
A8: Unity Trust Bank 1/4/17 | C8: 17978.06
A10: Total Opening Balance | C10: =SUM(C8:C9) -> 17978.06
A12: Items relating to 16/17
A14: Total funds available to Council at start of year | C14: =C10-C12 -> 17978.06
A16: Total Receipts (including CWF & Ryder Point) | C16: ='Receipts page 3'!$N$31 -> 28814.52
A18: Payments (including Carsington Wind Farm) | C18: =+'Payments page 2'!V88 -> 25310.31
A20: Closing Balance | C20: =SUM(C14+C16-C18) -> 21482.27
A22: Balance in Unity Trust Account as at 31/3/18 | C22: 21482.27
A23: Less Earmarked funds for Play Area | C23: 5000
A24: Less Earmarked funds for Website/IT Equipment | C24: 1050.51
A25: Unallocated Ryder Point Funds* | C25: 3000
A26: Less Carsington Wind Farm Grants allocated & not paid | C26: 1000
A27: Less Carsington Wind Farm Funds unallocated* | C27: 1.03
A28: Total Allocated Funds | C28: =SUM(C23:C27) -> 10051.54
A29: Balance in bank less allocated fund | C29: =C22-C28 -> 11430.73
A30: Unpresented receipts
A31: Unpresented payments
N32: =SUM(#REF!) -> #REF!
A33: Available funds | C33: =SUM(C29+C30-C31) -> 11430.73
A35: VAT refund to be claimed 17/18 | C35: ='Payments page 2'!$U$88 -> 235.9
A36: Total Funds available | C36: =SUM(C33:C35) -> 11666.63

Sheet Bank Rec page 1a
A1: =+'Summary page 1'!A1 -> Brassington Parish Council
A2: =+'Summary page 1'!A4 -> Bank Reconciliation
C4: £
A6: Cash Book : | B6: Bal b/fwd current A/C | C6: =+'Summary page 1'!C10 -> 17978.06
B7: Bal b/fwd deposit A/C | C7: 0
B8: Items from 2011/12 | C8: =+'Summary page 1'!C12 -> 0
C9: =SUM(C6:C8) -> 17978.06
B10: unpresented items from 11/12
B11: Receipts | C11: =+'Receipts page 3'!N31 -> 28814.52
B12: Payments | C12: =-'Payments page 2'!V88 -> -25310.31
C13: =SUM(C9:C12) -> 21482.27
A16: Bank : | B16: Current A/C | C16: =+C13-C17 -> #REF!
B17: Current A/C Reserve | C17: =+#REF! -> #REF!
B18: Deposit A/C | C18: 0
C20: =SUM(C16:C19) -> #REF!
C22: =+C20-C13 -> #REF!

Sheet Payments page 2
A1: Date | B1: Chq No | C1: Details | D1: DALC Sub | E1: Cemetery | F1: Play Area | G1: Audit | H1: Insurance | I1: Village Hall Hire | J1: Handyman | K1: Clerk Payroll | L1: Clerk Admin Expenses | M1: Training | N1: General/ Admin | O1: Sundry | P1: Section 137 | Q1: Trans-parency Fund | R1: Hoben Grant | S1: Carsington Wind Farm Grants | T1: Total (exc VAT) | U1: Vat | V1: Total (inc VAT) | W1: Bank Rec | X1: Cumulative
A2: 42836 | L2: 9.14 | T2: =SUM(D2:S2) -> 9.14 | V2: =SUM(T2:U2) -> 9.14 | W2: √ | X2: =V2 -> 9.14
A3: 42836 | K3: 38.33 | T3: =SUM(D3:S3) -> 38.33 | V3: =SUM(T3:U3) -> 38.33 | W3: √ | X3: =+X2+V3 -> 47.47
A4: 42836 | C4: Clerk Salary | K4: 264.88 | T4: =SUM(D4:S4) -> 264.88 | V4: =SUM(T4:U4) -> 264.88 | W4: √ | X4: =+X3+V4 -> 312.35
A5: 42836 | C5: Handyman | J5: 280 | T5: =SUM(D5:S5) -> 280 | V5: =SUM(T5:U5) -> 280 | W5: √ | X5: =+X4+V5 -> 592.35
A6: 42844 | B6: 300018 | K6: 42.2 | T6: =SUM(D6:S6) -> 42.2 | V6: =SUM(T6:U6) -> 42.2 | W6: √ | X6: =+X5+V6 -> 634.55
A7: 42857 | C7: Handyman | J7: 820 | T7: =SUM(E7:S7) -> 820 | V7: =SUM(T7:U7) -> 820 | W7: √ | X7: =+X6+V7 -> 1454.55
A8: 42857 | C8: Clerk's Salary | K8: 274.83 | T8: =SUM(E8:S8) -> 274.83 | V8: =SUM(T8:U8) -> 274.83 | W8: √ | X8: =+X7+V8 -> 1729.38
A9: 42857 | L9: 13.97 | T9: =SUM(E9:S9) -> 13.97 | V9: =SUM(T9:U9) -> 13.97 | W9: √ | X9: =+X8+V9 -> 1743.35
A10: 42857 | K10: 40.91 | T10: =SUM(D10:S10) -> 40.91 | V10: =SUM(T10:U10) -> 40.91 | W10: √ | X10: =+X9+V10 -> 1784.26
A11: 42892 | C11: Handyman | J11: 840 | T11: =SUM(E11:S11) -> 840 | V11: =SUM(T11:U11) -> 840 | W11: √ | X11: =+X10+V11 -> 2624.26
A12: 42892 | F12: 66.5 | T12: =SUM(E12:S12) -> 66.5 | U12: 13.3 | V12: =SUM(T12:U12) -> 79.8 | W12: √ | X12: =+X11+V12 -> 2704.06
A13: 42892 | F13: 1 | T13: =SUM(E13:S13) -> 1 | V13: =SUM(T13:U13) -> 1 | W13: √ | X13: =+X12+V13 -> 2705.06
A14: 42892 | G14: 71.25 | T14: =SUM(E14:S14) -> 71.25 | V14: =SUM(T14:U14) -> 71.25 | W14: √ | X14: =+X13+V14 -> 2776.31
A15: 42892 | C15: Lester Lowe | O15: 10 | T15: =SUM(E15:S15) -> 10 | U15: 2 | V15: =SUM(T15:U15) -> 12 | W15: √ | X15: =+X14+V15 -> 2788.31
A16: 42892 | C16: Clerk's Salary | K16: 328.53 | T16: =SUM(E16:S16) -> 328.53 | V16: =SUM(T16:U16) -> 328.53 | W16: √ | X16: =+X15+V16 -> 3116.84
A17: 42892 | K17: 52.79 | T17: =SUM(E17:S17) -> 52.79 | V17: =SUM(T17:U17) -> 52.79 | W17: √ | X17: =+X16+V17 -> 3169.63
A18: 42892 | L18: 29.84 | T18: =SUM(E18:S18) -> 29.84 | V18: =SUM(T18:U18) -> 29.84 | W18: √ | X18: =+X17+V18 -> 3199.47
A19: 42916 | O19: 18 | T19: =SUM(E19:S19) -> 18 | V19: =SUM(T19:U19) -> 18 | W19: √ | X19: =+X18+V19 -> 3217.47
A20: 42920 | B20: 300019 | C20: Laptop (RS) | Q20: 549.17 | T20: =SUM(D20:S20) -> 549.17 | U20: 109.83 | V20: =SUM(T20:U20) -> 659 | W20: √ | X20: =+X19+V20 -> 3876.47
A21: 42920 | B21: 300020 | C21: Allsop (footpath maintenance) | O21: 482 | T21: =SUM(D21:S21) -> 482 | U21: 96.4 | V21: =SUM(T21:U21) -> 578.4 | W21: √ | X21: =+X20+V21 -> 4454.87
A22: 42920 | B22: 300021 | K22: 88 | T22: =SUM(D22:S22) -> 88 | V22: =SUM(T22:U22) -> 88 | W22: √ | X22: =+X21+V22 -> 4542.87
A23: 42920 | C23: Handyman | J23: 1305 | T23: =SUM(D23:S23) -> 1305 | V23: =SUM(T23:U23) -> 1305 | W23: √ | X23: =+X22+V23 -> 5847.87
A24: 42920 | C24: William Twigg | F24: 272.51 | T24: =SUM(D24:S24) -> 272.51 | U24: 54.5 | V24: =SUM(T24:U24) -> 327.01 | W24: √ | X24: =+X23+V24 -> 6174.88
A25: 42920 | C25: Clerk's Salary (CS) | K25: 218.17 | T25: 218.74 | V25: =SUM(T25:U25) -> 218.74 | W25: √ | X25: =+X24+V25 -> 6393.62
A26: 42920 | C26: Clerk's Salary (BK) | K26: 281.38 | T26: =SUM(D26:S26) -> 281.38 | V26: =SUM(T26:U26) -> 281.38 | W26: √ | X26: =+X25+V26 -> 6675
A27: 42920 | K27: 43.55 | T27: =SUM(D27:S27) -> 43.55 | V27: =SUM(T27:U27) -> 43.55 | W27: √ | X27: =+X26+V27 -> 6718.55
A28: 42920 | L28: 4.38 | T28: =SUM(D28:S28) -> 4.38 | V28: =SUM(T28:U28) -> 4.38 | W28: √ | X28: =+X27+V28 -> 6722.93
A29: 42920 | M29: 40 | T29: =SUM(D29:S29) -> 40 | V29: =SUM(T29:U29) -> 40 | W29: √ | X29: =+X28+V29 -> 6762.93
A30: 42948 | B30: 300022 | N30: 50 | T30: =SUM(D30:S30) -> 50 | V30: =SUM(T30:U30) -> 50 | W30: √ | X30: =+X29+V30 -> 6812.93
A31: 42948 | C31: Glen Griffiths | J31: 1050 | T31: =SUM(D31:S31) -> 1050 | V31: =SUM(T31:U31) -> 1050 | W31: √ | X31: =+X30+V31 -> 7862.93
A32: 42948 | L32: 17.56 | T32: =SUM(D32:S32) -> 17.56 | V32: =SUM(T32:U32) -> 17.56 | W32: √ | X32: =+X31+V32 -> 7880.49
A33: 42948 | C33: Clerk's Salary (CS) | K33: 497.4 | T33: =SUM(D33:S33) -> 497.4 | V33: =SUM(T33:U33) -> 497.4 | W33: √ | X33: =+X32+V33 -> 8377.89
A34: 42948 | K34: 92.24 | T34: =SUM(D34:S34) -> 92.24 | V34: =SUM(T34:U34) -> 92.24 | W34: √ | X34: =+X33+V34 -> 8470.13
A35: 42948 | K35: 9.68 | T35: =SUM(D35:S35) -> 9.68 | V35: =SUM(T35:U35) -> 9.68 | W35: √ | X35: =+X34+V35 -> 8479.81
A36: 42948 | L36: 5.33 | T36: =SUM(D36:S36) -> 5.33 | V36: =SUM(T36:U36) -> 5.33 | W36: √ | X36: =+X35+V36 -> 8485.14
A37: 42948 | C37: Personnel Advice & Solutions | N37: 100 | T37: =SUM(D37:S37) -> 100 | U37: 20 | V37: =SUM(T37:U37) -> 120 | W37: √ | X37: =+X36+V37 -> 8605.14
A38: 42948 | B38: 300023 | N38: 40 | T38: =SUM(D38:S38) -> 40 | V38: =SUM(T38:U38) -> 40 | W38: √ | X38: =+X37+V38 -> 8645.14
A39: 42948 | B39: 300024 | N39: 40 | T39: =SUM(D39:S39) -> 40 | V39: =SUM(T39:U39) -> 40 | W39: √ | X39: =+X38+V39 -> 8685.14
A40: 42998 | C40: Handyman | J40: 1235 | T40: =SUM(E40:S40) -> 1235 | V40: =SUM(T40:U40) -> 1235 | W40: √ | X40: =+X39+V40 -> 9920.14
A41: 42998 | C41: 1st Bassington Brownies | S41: 481.18 | T41: =SUM(E41:S41) -> 481.18 | V41: =SUM(T41:U41) -> 481.18 | W41: √ | X41: =+X40+V41 -> 10401.32
A42: 42998 | C42: 1st Bassington Guides | S42: 803.9 | T42: =SUM(E42:S42) -> 803.9 | V42: =SUM(T42:U42) -> 803.9 | W42: √ | X42: =+X41+V42 -> 11205.22
A43: 42998 | C43: Over 60's | S43: 100 | T43: =SUM(E43:S43) -> 100 | V43: =SUM(T43:U43) -> 100 | W43: √ | X43: =+X42+V43 -> 11305.22
A44: 42998 | C44: BRGCA | S44: 1000 | T44: =SUM(E44:S44) -> 1000 | V44: =SUM(T44:U44) -> 1000 | W44: √ | X44: =+X43+V44 -> 12305.22
A45: 42998 | C45: Village Hall | S45: 1850 | T45: =SUM(E45:S45) -> 1850 | V45: =SUM(T45:U45) -> 1850 | W45: √ | X45: =+X44+V45 -> 14155.22
A46: 42998 | C46: St James Church | S46: 1350 | T46: =SUM(E46:S46) -> 1350 | V46: =SUM(T46:U46) -> 1350 | W46: √ | X46: =+X45+V46 -> 15505.22
A47: 42998 | C47: Primary School | R47: 3000 | T47: =SUM(E47:S47) -> 3000 | V47: =SUM(T47:U47) -> 3000 | W47: √ | X47: =+X46+V47 -> 18505.22
A48: 42998 | C48: Clerk's Wages (CS) | K48: 372.56 | T48: =SUM(E48:S48) -> 372.56 | V48: =SUM(T48:U48) -> 372.56 | W48: √ | X48: =+X47+V48 -> 18877.78
A49: 42998 | C49: Clerk's Wages (BK) | K49: 27.85 | T49: =SUM(E49:S49) -> 27.85 | V49: =SUM(T49:U49) -> 27.85 | W49: √ | X49: =+X48+V49 -> 18905.63
A50: 42998 | K50: 3.96 | T50: =SUM(E50:S50) -> 3.96 | V50: =SUM(T50:U50) -> 3.96 | W50: √ | X50: =+X49+V50 -> 18909.59
A51: 42998 | B51: 300025 | N51: 45 | T51: =SUM(E51:S51) -> 45 | V51: =SUM(T51:U51) -> 45 | W51: √ | X51: =+X50+V51 -> 18954.59
A52: 42998 | M52: 60 | T52: =SUM(E52:S52) -> 60 | V52: =SUM(T52:U52) -> 60 | W52: √ | X52: =+X51+V52 -> 19014.59
A53: 42998 | O53: 6 | T53: =SUM(E53:S53) -> 6 | U53: 1.2 | V53: =SUM(T53:U53) -> 7.2 | W53: √ | X53: =+X52+V53 -> 19021.79
A54: 42998 | L54: 12.76 | T54: =SUM(E54:S54) -> 12.76 | V54: =SUM(T54:U54) -> 12.76 | W54: √ | X54: =+X53+V54 -> 19034.55
A55: 43008 | O55: 18 | T55: =SUM(E55:S55) -> 18 | V55: =SUM(T55:U55) -> 18 | W55: √ | X55: =+X54+V55 -> 19052.55
A56: 43021 | B56: 300026 | N56: 40 | T56: =SUM(E56:S56) -> 40 | V56: =SUM(T56:U56) -> 40 | W56: √ | X56: =+X55+V56 -> 19092.55
A57: 43024 | K57: 14.97 | T57: =SUM(E57:S57) -> 14.97 | V57: =SUM(T57:U57) -> 14.97 | W57: √ | X57: =+X56+V57 -> 19107.52
A58: 43024 | C58: Clerk's Salary (CS) | K58: 371.61 | T58: =SUM(E58:S58) -> 371.61 | V58: =SUM(T58:U58) -> 371.61 | W58: √ | X58: =+X57+V58 -> 19479.13
A59: 43024 | K59: 2.64 | T59: =SUM(E59:S59) -> 2.64 | V59: =SUM(T59:U59) -> 2.64 | W59: √ | X59: =+X58+V59 -> 19481.77
A60: 43024 | L60: 8.05 | T60: =SUM(E60:S60) -> 8.05 | V60: =SUM(T60:U60) -> 8.05 | W60: √ | X60: =+X59+V60 -> 19489.82
A61: 43024 | C61: Grant Thornton | G61: 200 | T61: =SUM(D61:S61) -> 200 | U61: 40 | V61: =SUM(T61:U61) -> 240 | W61: √ | X61: =+X60+V61 -> 19729.82
A62: 43024 | C62: Handyman | J62: 830 | T62: =SUM(D62:S62) -> 830 | V62: =SUM(T62:U62) -> 830 | W62: √ | X62: =+X61+V62 -> 20559.82
A63: 43048 | O63: 24 | T63: =SUM(D63:S63) -> 24 | U63: 4.8 | V63: =SUM(T63:U63) -> 28.8 | W63: √ | X63: =+X62+V63 -> 20588.62
A64: 43048 | C64: Handyman | J64: 1220 | T64: =SUM(D64:S64) -> 1220 | V64: =SUM(T64:U64) -> 1220 | W64: √ | X64: =+X63+V64 -> 21808.62
A65: 43087 | C65: Clerk's Salary (CS) | K65: 387.47 | T65: =SUM(E65:S65) -> 387.47 | V65: =SUM(T65:U65) -> 387.47 | W65: √ | X65: =+X64+V65 -> 22196.09
A66: 43087 | C66: Handyman | J66: 420 | T66: =SUM(E66:S66) -> 420 | V66: =SUM(T66:U66) -> 420 | W66: √ | X66: =+X65+V66 -> 22616.09
A67: 43087 | K67: 69.8 | T67: =SUM(E67:S67) -> 69.8 | V67: =SUM(T67:U67) -> 69.8 | W67: √ | X67: =+X66+V67 -> 22685.89
A68: 43087 | K68: 12.32 | T68: =SUM(E68:S68) -> 12.32 | V68: =SUM(T68:U68) -> 12.32 | W68: √ | X68: =+X67+V68 -> 22698.21
A69: 43087 | L69: 15 | T69: =SUM(E69:S69) -> 15 | U69: 3 | V69: =SUM(T69:U69) -> 18 | W69: √ | X69: =+X68+V69 -> 22716.21
A70: 43087 | C70: Brassington Village Hall | I70: 156 | T70: =SUM(E70:S70) -> 156 | V70: =SUM(T70:U70) -> 156 | W70: √ | X70: =+X69+V70 -> 22872.21
A71: 43087 | C71: Came & Co | H71: 330 | T71: =SUM(E71:S71) -> 330 | V71: =SUM(T71:U71) -> 330 | W71: √ | X71: =+X70+V71 -> 23202.21
A72: 43087 | C72: Festival Lights (JH) | O72: 328.14 | T72: =SUM(E72:S72) -> 328.14 | V72: =SUM(T72:U72) -> 328.14 | W72: √ | X72: =+X71+V72 -> 23530.35
A73: 43100 | O73: 18 | T73: =SUM(E73:S73) -> 18 | V73: =SUM(T73:U73) -> 18 | W73: √ | X73: =+X72+V73 -> 23548.35
A74: 43108 | B74: 300027 | C74: Allotments (DC) | O74: 100 | T74: =SUM(E74:S74) -> 100 | V74: =SUM(T74:U74) -> 100 | X74: =+X73+V74 -> 23648.35
A75: 43112 | C75: Elysion Ltd | O75: 770.4 | T75: =SUM(E75:S75) -> 770.4 | U75: 154.08 | V75: =SUM(T75:U75) -> 924.48 | W75: √ | X75: =+X74+V75 -> 24572.83
A76: 43112 | L76: 13.21 | Q76: =50+120.13 -> 170.13 | T76: =SUM(E76:S76) -> 183.34 | U76: =10+24.02 -> 34.02 | V76: =SUM(T76:U76) -> 217.36 | W76: √ | X76: =+X75+V76 -> 24790.19
A77: 43140 | K77: 82.12 | T77: =SUM(E77:S77) -> 82.12 | V77: =SUM(T77:U77) -> 82.12 | W77: √ | X77: =+X76+V77 -> 24872.31
A78: 43140 | L78: 18 | T78: =SUM(E78:S78) -> 18 | V78: =SUM(T78:U78) -> 18 | W78: √ | X78: =+X77+V78 -> 24890.31
A79: 43140 | C79: N Hutty | E79: 223 | T79: =SUM(E79:S79) -> 223 | V79: =SUM(T79:U79) -> 223 | W79: √ | X79: =+X78+V79 -> 25113.31
A80: 43145 | N80: 35 | T80: =SUM(E80:S80) -> 35 | V80: =SUM(T80:U80) -> 35 | W80: √ | X80: =+X79+V80 -> 25148.31
A81: 43146 | M81: 20 | T81: =SUM(E81:S81) -> 20 | V81: =SUM(T81:U81) -> 20 | W81: √ | X81: =+X80+V81 -> 25168.31
A82: 43171 | M82: 40 | T82: =SUM(E82:S82) -> 40 | V82: =SUM(T82:U82) -> 40 | W82: √ | X82: =+X81+V82 -> 25208.31
A83: 43171 | M83: 10 | T83: =SUM(E83:S83) -> 10 | V83: =SUM(T83:U83) -> 10 | W83: √ | X83: =+X82+V83 -> 25218.31
A84: 43171 | O84: 55 | T84: =SUM(E84:S84) -> 55 | V84: =SUM(T84:U84) -> 55 | W84: √ | X84: =+X83+V84 -> 25273.31
A85: 43171 | L85: 18 | T85: =SUM(E85:S85) -> 18 | V85: =SUM(T85:U85) -> 18 | W85: √ | X85: =+X84+V85 -> 25291.31
A86: 43171 | F86: 1 | T86: =SUM(E86:S86) -> 1 | V86: =SUM(T86:U86) -> 1 | W86: √ | X86: =+X85+V86 -> 25292.31
A87: 43190 | O87: 18 | T87: =SUM(E87:S87) -> 18 | V87: =SUM(T87:U87) -> 18 | W87: √ | X87: =+X86+V87 -> 25310.31
A88: Totals 2017/18 | D88: =SUM(D2:D87) -> 0 | E88: =SUM(E2:E87) -> 223 | F88: =SUM(F2:F87) -> 341.01 | G88: =SUM(G2:G87) -> 271.25 | H88: =SUM(H2:H87) -> 330 | I88: =SUM(I2:I87) -> 156 | J88: =SUM(J2:J87) -> 8000 | K88: =SUM(K2:K87) -> 3618.19 | ... T88: =SUM(T2:T87) -> 24777.18 | U88: =SUM(U54:U87) -> 235.9 | V88: =SUM(V2:V87) -> 25310.31
A89: Totals 2016/17 | D89: 0 | E89: 492 | F89: 3100.4 | G89: 175 | H89: 353.27 | I89: 525 | J89: 5430 | K89: 4236.91 | L89: 258.25 | M89: 270 | N89: 371.35 | O89: 523.9 | S89: 2400 | T89: 18136.08 | U89: 0.25
A90: Totals 2015/16 | D90: 389.88 | E90: 497.78 | F90: 66 | G90: 156 | H90: 333.36 | I90: 144 | J90: 5875 | K90: 3674.27 | L90: 264.59 | M90: 25 | N90: 421.11 | O90: 1046.03 | T90: 12697.11
A91: Totals 2014/16 | D91: 386.02 | E91: 473.55 | G91: 195 | H91: 605.03 | I91: 36 | J91: 5175 | K91: 2936.14 | L91: 78.53 | M91: 20 | O91: =744.17+580 -> 1324.17 | T91: =SUM(D91:O91) -> 11229.44
A92: Forecast to end March 2017 | D92: 198.85 | E92: 0 | F92: 1000 | G92: 271.25 | H92: 360 | I92: 160 | J92: 8000 | K92: 4000 | L92: 260 | M92: 250 | N92: 400 | O92: 1000 | P92: 0 | Q92: 1200 | R92: 3000 | S92: 5585.08 | V92: =V88-K88 -> 21692.12
N116: vat claimed as at 11/07/11 | U116: =SUM(#REF!) -> #REF!

Sheet Receipts page 3
A2: Date | B2: Details | C2: Precept | D2: Carsington Wind Farm | E2: Ryder Point Wind Farm | F2: DDDC (Reim-burseable) | G2: Cemetery | H2: Bank Interest | I2: DALC Transp. Fund | J2: Footpaths Maintenance Grant | K2: Other/ Sundry | L2: Total ex VAT | M2: VAT | N2: Total | O2: Bank Rec
A3: 42851 | B3: DDDC | C3: 13000 | L3: =SUM(C3:K3) -> 13000 | N3: =C3+F3+G3+H3+I3+J3+K3+M3 -> 13000 | O3: √
A4: 42850 | B4: Ryder Point Wind Farm | E4: 3000 | L4: =SUM(C4:J4) -> 3000 | N4: =C4+F4+G4+H4+I4+J4+E4+M4 -> 3000 | O4: √
A5: 42832 | B5: DALC Transparency Fund | I5: 1732.66 | L5: =SUM(C5:K5) -> 1732.66 | N5: =C5+F5+G5+H5+I5+J5+K5+M5 -> 1732.66 | O5: √
A6: 42887 | B6: VAT Refund | K6: 246.86 | L6: =SUM(C6:K6) -> 246.86 | N6: =C6+F6+G6+H6+I6+J6+K6+M6 -> 246.86 | O6: √
A7: 42892 | B7: Carsington Wind Farm | D7: 4223.12 | L7: =SUM(C7:K7) -> 4223.12 | N7: =L7 -> 4223.12 | O7: √
A8: 42909 | B8: Derbyshire Dales | J8: 482 | L8: =SUM(C8:K8) -> 482 | N8: =C8+F8+G8+H8+I8+J8+K8+M8 -> 482 | O8: √
A9: 42936 | B9: Ryder Point Wind Farm | E9: 3000 | L9: =SUM(C9:K9) -> 3000 | N9: =L9 -> 3000 | O9: √
A10: 43045 | B10: Burial Fee | G10: =571.65*2 -> 1143.3 | L10: =SUM(C10:K10) -> 1143.3 | N10: =C10+F10+G10+H10+I10+J10+K10+M10 -> 1143.3 | O10: √
A11: 43045 | B11: Allotment Rent | K11: 200 | L11: =SUM(C11:K11) -> 200 | N11: =C11+F11+G11+H11+I11+J11+K11+M11 -> 200 | O11: √
A12: 43045 | K12: 6.9 | L12: =SUM(C12:K12) -> 6.9 | N12: =C12+F12+G12+H12+I12+J12+K12+M12 -> 6.9 | O12: √
A13: 43045 | K13: 30 | L13: =SUM(C13:K13) -> 30 | N13: =C13+F13+G13+H13+I13+J13+K13+M13 -> 30 | O13: √
A14: 43081 | B14: Burial Fee | G14: 250.75 | L14: =SUM(C14:K14) -> 250.75 | N14: =C14+F14+G14+H14+I14+J14+K14+M14 -> 250.75 | O14: √
A15: 43082 | B15: HMRC VAT Refund | K15: 297.23 | L15: =SUM(C15:K15) -> 297.23 | N15: =C15+F15+G15+H15+I15+J15+K15+M15 -> 297.23 | O15: √
A16: 43110 | B16: Burial Fee | G16: 250.75 | L16: =SUM(C16:K16) -> 250.75 | N16: =C16+F16+G16+H16+I16+J16+K16+M16 -> 250.75 | O16: √
A17: 43153 | B17: Derbyshire Dales | F17: 885 | L17: =SUM(C17:K17) -> 885 | N17: =C17+F17+G17+H17+I17+J17+K17+M17 -> 885 | O17: √
A18: 43160 | G18: 65.95 | L18: =SUM(C18:K18) -> 65.95 | N18: =C18+F18+G18+H18+I18+J18+K18+M18 -> 65.95 | O18: √
L19: =SUM(C19:K19) -> 0 | N19: =C19+F19+G19+H19+I19+J19+K19+M19 -> 0
L20: =SUM(C20:K20) -> 0 | N20: =C20+F20+G20+H20+I20+J20+K20+M20 -> 0
L21: =SUM(C21:K21) -> 0 | N21: =C21+F21+G21+H21+I21+J21+K21+M21 -> 0
L22: =SUM(C22:K22) -> 0 | N22: =C22+F22+G22+H22+I22+J22+K22+M22 -> 0
L23: =SUM(C23:K23) -> 0 | N23: =C23+F23+G23+H23+I23+J23+K23+M23 -> 0
L24: =SUM(C24:K24) -> 0 | N24: =C24+F24+G24+H24+I24+J24+K24+M24 -> 0
L25: =SUM(C25:K25) -> 0 | N25: =C25+F25+G25+H25+I25+J25+K25+M25 -> 0
L26: =SUM(C26:K26) -> 0 | N26: =C26+F26+G26+H26+I26+J26+K26+M26 -> 0
L27: =SUM(C27:K27) -> 0 | N27: =C27+F27+G27+H27+I27+J27+K27+M27 -> 0
L28: =SUM(C28:K28) -> 0 | N28: =C28+F28+G28+H28+I28+J28+K28+M28 -> 0
L29: =SUM(C29:K29) -> 0 | N29: =C29+F29+G29+H29+I29+J29+K29+M29 -> 0
L30: =SUM(C30:K30) -> 0 | N30: =C30+F30+G30+H30+I30+J30+K30+M30 -> 0
C31: =SUM(C3:C30) -> 13000 | D31: =SUM(D3:D30) -> 4223.12 | E31: =SUM(E3:E30) -> 6000 | F31: =SUM(F3:F30) -> 885 | G31: =SUM(G3:G30) -> 1710.75 | H31: =SUM(H3:H30) -> 0 | I31: =SUM(I3:I30) -> 1732.66 | J31: =SUM(J3:J30) -> 482 | ... N31: =SUM(N3:N30) -> 28814.52
M32: =SUM(M13:M29) -> 0
D33: =SUM(D31:K31)+216 -> 16030.52 | L33: =SUM(C31:K31) -> 28814.52 | N33: =SUM(L31:M31) -> 28814.52
A35: Receipt Total 2015/16 | C35: 10246 | D35: 4100 | F35: 885 | G35: 1157.3 | H35: 2.68 | I35: 0 | J35: 495 | K35: 107.9 | L35: 12773.07 | M35: 160.32 | N35: 12933.39

Sheet Cheq. Req. page 5
A2: =+#REF! -> #REF!
A4: Cheque requests 9th January 2013
B6: 101390 | C6: Ireland Colliery Chesterfield Band | D6: authorised | E6: 100
B7: 101392 | C7: Claycross DIY | E7: 33.13
B8: 101393 | C8: RKS Ltd | D8: additional | E8: 108.68
B9: 101394 | C9: NEDDC | D9: Budgeted | E9: 440.68
B10: 101395 | C10: Derwent Treescapes | D10: Budgeted | E10: 867.29
B11: 101396 | C11: Viking | D11: Budgeted | E11: 70.12
E14: =SUM(E5:E13) -> 1619.9
A15: Non cheque payments
E17: =+E16+E14 -> 1619.9

Sheet Lettings page 8
A1: Heath and Holmewood Parish Council
A3: Lettings
A5: Pavilion
B6: A | C6: B | D6: C
B7: parish member | C7: non parish member | D7: commercial
A9: Minimum 2 hour letting | B9: 10 | C9: 15 | D9: 30
A10: addition hours at (per hour | B10: 2 | C10: 2.5 | D10: 5
A12: Football
B13: pitch hire | C13: prepare & pitch hire | D13: changing room hire
A15: Per Junior Game | B15: 15 | C15: 15 | D15: 10
A16: Per Senior Game | B16: 15 | C16: 17 | D16: 15
A18: Cricket
A20: Per team 1 season | B20: 525

Sheet Lettings
A1: Heath & Holmewood Parish Council
A2: Lettings
A4: Cricket
A5: Name | B5: Team | C5: Secretary | D5: cost per game | E5: cost per season | G5: Invoice number | H5: Invoice date | I5: Invoice total | J5: Payment Received
A6: Holmewood Cricket Club I | B6: Saturday | C6: D Plant | D6: - | E6: 525 | G6: 09/12 01 | H6: 01/09/2012 | I6: 525
A7: Holmewood Cricket Club II | B7: Saturday | C7: D Plant | D7: - | E7: 525 | G7: 09/12 02 | H7: 41153 | I7: 525
A8: Holmewood Cricket Club | B8: Midweek/Sunday | C8: D Plant | D8: - | E8: 525 | G8: 09/12 03 | H8: 41153 | I8: 525
A11: Football
A12: Name | B12: Team | C12: Secretary | D12: cost per game | E12: cost per season | F12: changing room | G12: Invoice number | H12: Invoice date | I12: Invoice total | J12: Payment Received | K12: Invoice bi-monthly | L12: approx no games | N12: Notes
A13: Holmewood FC | B13: Sunday | C13: M Smith | D13: 15 | F13: 10 | L13: 15/16 | M13: inc. Cup | N13: S137 grant £197 for insurance + £53 for changing rooms and friendlies
A14: Northwingfield Colts U16's | B14: Sunday | C14: Mandy Matthews | D14: 15 | F14: - | L14: 15 | M14: inc. Cup
A15: Northwingfield Colts U15's | B15: Sunday | C15: Mandy Matthews | D15: 15 | F15: - | L15: 16 | M15: inc. Cup
A16: Hasland FC U18's | B16: Sunday | C16: Sarah Pickles | D16: 17 | F16: - | L16: 4

Sheet Sheet1
